 Dungeon Crawl Stone Soup version 0.24.0-37-gcf1ca852f1 (webtiles) character file.

Game seed: 16799963440059596268, levelgen mode: deterministic

200 Descartes the Sneak (level 5, 0/25 HPs)
             Began as a Felid Monk on Dec 1, 2019.
             Killed from afar by an orc wizard (12 damage)
             ... with a puff of flame
             ... on level 4 of the Dungeon.
             The game lasted 00:08:06 (4238 turns).

Descartes the Sneak (Felid Monk)                    Turns: 4238, Time: 00:08:06

Health: 0/25       AC:  2    Str:  9    XL:     5   Next: 49%
Magic:  6/6        EV: 21    Int: 11    God:
Gold:   95         SH:  0    Dex: 19    Spells: 3/4 levels left
                                        Lives:  0   Deaths: 1

rFire    . . .     SeeInvis +     - Unarmed
rCold    . . .     Gourm    .   (shield unavailable)
rNeg     . . .     Faith    .   (armour unavailable)
rPois    .         Spirit   .   (helmet unavailable)
rElec    .         Reflect  .   (cloak unavailable)
rCorr    .         Harm     .   (gloves unavailable)
MR       .....                  (boots unavailable)
Stlth    +++.......             (no amulet)
HPRegen  0.08/turn              d - ring of attention (curse)
MPRegen  0.10/turn              (no ring)

@: quick
A: very small, no armour, no weapons or thrown items, stealth, claws 1, fangs 3,
see invisible, carnivore, speed 1, shaggy fur 2, slow metabolism 1, sharp paws
a: no special abilities


You were on level 4 of the Dungeon.
You were completely stuffed.

You visited 1 branch of the dungeon, and saw 4 of its levels.

You collected 95 gold pieces.

Inventory:

Missiles
 l - 46 arrows
Jewellery
 d - a cursed ring of attention (left paw)
Wands
 f - a wand of scattershot (6)
 g - a wand of flame (11)
Scrolls
 c - a scroll of enchant armour {unknown}
 e - a scroll of immolation {unknown}
 i - 3 scrolls of remove curse {unknown}
 m - 2 scrolls of random uselessness {unknown}
Potions
 b - 6 potions of curing {unknown}
 j - 3 potions of degeneration {unknown}
Comestibles
 a - 11 rations
 h - 3 chunks of flesh


   Skills:
 + Level 3.9 Fighting
 + Level 5.1 Dodging
 * Level 5.8 Stealth
 * Level 4.6 Unarmed Combat
 + Level 1.2 Evocations


You had 3 spell levels left.
You knew the following spells:

 Your Spells              Type           Power        Failure   Level  Hunger
a - Shock                 Conj/Air       #...         34%         1    ##.....

Your spell library contained the following spells:

 Spells                   Type           Power        Failure   Level  Hunger
 Swiftness                Chrm/Air       #.......     47%         2    ###....
 Static Discharge         Conj/Air       #.......     71%         3    ####...
 Airstrike                Air            #.........   98%         4    #####..
 Lightning Bolt           Conj/Air       #.........   100%        5    ######.


Dungeon Overview and Level Annotations

Branches:
Dungeon (4/15)
 Temple: D:4-7

Altars:
Fedhas
Hepliaklqana
Makhleb
Nemelex Xobeh
Okawaru

Annotations:
D:3 1 runed translucent door, tauben's ghost, amateur DrTm


Innate Abilities, Weirdness & Mutations

You cannot wear armour.
You are incapable of wielding weapons or throwing items.
Your paws allow you to move quietly. (Stealth)
You have sharp claws.
You have razor-sharp teeth.
You have supernaturally acute eyesight. (SInv)
You are carnivorous and can eat meat at any time.
You cover ground quickly.
You are covered in thick fur. (AC +2)
You have a slow metabolism.
Your sharp claws are effective at attacking unaware monsters.


Message History

You barely miss the orc priest. Your bite misses the orc priest.
The orc priest hits you with a +0 club.
A leopard gecko skeleton comes into view.
You scratch the orc priest.
The orc priest is moderately wounded.
The orc wizard hits you with a +0 dagger.
The orc wizard completely misses you. The orc closely misses you.
The orc priest hits you with a +0 club.
You are too injured to fight recklessly!
You closely miss the orc priest. You bite the orc priest.
The orc priest is heavily wounded.
The orc wizard hits you with a +0 dagger.
The orc wizard barely misses you. The orc barely misses you.
The orc priest barely misses you.
You scratch the orc priest but do no damage.
You bite the orc priest.
The orc priest is severely wounded.
The orc wizard casts a spell at you. The puff of flame hits you!
You die...

#### ##########...#
............. ............
..........# ......ooo#
...Z..o@.# ###
......##.####.# # .....
#..#...# #### #...
#......## ...### ###
##.......# .....####
######........##
###.....###..............#
###
####...................#
##.#
##...###............###.##


You could see an orc priest, 2 orc wizards, an orc and a leopard gecko skeleton.

Vanquished Creatures
  An ogre (D:4)
  A crimson imp (D:2)
  An orc priest (D:4)
  An orc wizard (D:4)
  Terence (D:2)
  A worker ant (D:4)
  3 adders
  An ooze (D:1)
  3 worms
  3 dart slugs
  2 leopard geckos
  2 orcs (D:4)
  2 giant cockroaches
  4 goblins
  7 hobgoblins
  9 jackals
  3 bats
  5 frilled lizards
  9 kobolds
  A quokka skeleton (D:4)
  10 rats
70 creatures vanquished.

Notes
Turn   | Place    | Note
-------+----------+-------------------------------------------
     0 | D:1      | Descartes the Felid Monk began the quest for the Orb.
     0 | D:1      | Reached XP level 1. HP: 10/10 MP: 2/2
   425 | D:1      | Reached XP level 2. HP: 14/14 MP: 3/3
   959 | D:2      | Reached XP level 3. HP: 15/17 MP: 4/4
  1622 | D:2      | Found a sparkling altar of Nemelex Xobeh.
  1624 | D:2      | Found a blossoming altar of Fedhas.
  1755 | D:3      | Reached XP level 4. HP: 20/21 MP: 5/5
  1760 | D:3      | Found a runed translucent door.
  1862 | D:3      | Noticed a bullfrog
  1863 | D:3      | Noticed tauben's ghost (amateur DrTm)
  1928 | D:3      | Found a hazy altar of Hepliaklqana.
  1929 | D:3      | Noticed Terence
  2135 | D:2      | Killed Terence
  2442 | D:2      | Reached skill level 5 in Stealth
  2442 | D:2      | Reached XP level 5. HP: 23/24 MP: 6/6
  2592 | D:3      | Learned a level 1 spell: Shock
  2800 | D:3      | Found an iron altar of Okawaru.
  2800 | D:3      | Found a burning altar of Makhleb.
  3111 | D:4      | Noticed a hippogriff
  3366 | D:3      | HP: 1/24 [hippogriff (4)]
  3685 | D:4      | Noticed an ogre
  3692 | D:4      | Killed an ogre
  3692 | D:4      | Reached skill level 5 in Dodging
  3765 | D:4      | Reached skill level 1 in Evocations
  3765 | D:4      | Gained mutation: You are covered in thick fur. (AC +2)
                  | [Felid growth]
  3765 | D:4      | Reached XP level 6. HP: 16/28 MP: 7/7
  3770 | D:4      | Slain by a bullfrog
  3771 | D:4      | Reached XP level 5. HP: -5/25 MP: 6/6
  4238 | D:4      | Killed from afar by an orc wizard

Levels and vault maps discovered:
D:1:      dpeg_arrival_windows_large_door, layout_basic, minivault_14,
          minmay_misc_feat_plants, hex_tiny
D:2:      layout_loops_cross, gammafunk_temple_overflow_statue
D:3:      layout_rooms, old_standard_altar, gammafunk_temple_overflow_pools,
          serial_curves, eino_curves_02, eino_curves_01, ebering_ghost_sewer_d,
          uniq_terence
D:4:      layout_cave_pods, kennysheep_mini, temple_fountains, first_ration,
          minmay_manual_mess

Skill      XL: |  1  2  3  4  5 |
---------------+----------------+-----
Stealth        | 3 4 5 |  5.8
Unarmed Combat | 4 |  4.6
Dodging        | 5 |  5.1
Evocations     | 1 |  1.2
Fighting       | |  3.9

Action                   |  1- 3 |  4- 6 || total
-------------------------+-------+-------++-------
Melee: Unarmed           |   121 |   212 ||   333
       Bite              |     5 |    23 ||    28
       Punch             |     1 |     2 ||     3
  Use: Scroll            |     3 |       ||     3
       Potion            |       |     1 ||     1
 Stab: Sleeping          |    12 |     3 ||    15
  Eat: Chunk             |     9 |    11 ||    20
Armor: Skin              |     6 |    10 ||    16
Dodge: Dodged            |   104 |   169 ||   273
